 Dungeon Crawl Stone Soup version 0.23-a0-577-g2b1de94 (webtiles) character file.

49 JeffiDaFish the Digger (level 3, -2/19 HPs)
             Began as a Gargoyle Earth Elementalist on Dec 14, 2018.
             Killed from afar by Ijyb (10 damage)
             ... with a wand of flame (19)
             ... on level 2 of the Dungeon.
             The game lasted 00:03:17 (1321 turns).

JeffiDaFish the Digger (GrEE)                       Turns: 1321, Time: 00:03:17

Health: -2/19      AC:  7    Str: 11    XL:     3   Next: 75%
Magic:  4/6        EV: 15    Int: 16    God:
Gold:   53         SH:  0    Dex: 10    Spells: 6/7 levels left

rFire    . . .     SeeInvis +   a - +0 dagger
rCold    . . .     Gourm    .   (no shield)
rNeg     + . .     Faith    .   e - +0 robe
rPois    ∞         Spirit   .   (no helmet)
rElec    +         Reflect  .   (no cloak)
rCorr    .         Harm     .   (no gloves)
MR       .....                  (no boots)
Stlth    ++........             f - amulet of the acrobat
HPRegen  0.46/turn              c - ring of see invisible
MPRegen  0.10/turn              l - +3 ring of evasion

@: no status effects
A: molten scales 1, negative energy resistance 1, regeneration 1, electricity
resistance, unbreathing, petrification resistance, rot immunity, AC +3
a: no special abilities


You were on level 2 of the Dungeon.
You were hungry.

You visited 1 branch of the dungeon, and saw 2 of its levels.

You collected 53 gold pieces.

Inventory:

Hand Weapons
 a - a +0 dagger (weapon)
Missiles
 b - 46 stones (quivered)
Armour
 e - a +0 robe (worn)
Jewellery
 c - a ring of see invisible (left hand)
 f - an amulet of the acrobat (around neck)
 h - an uncursed amulet of regeneration {unknown}
 k - an uncursed ring of resist corrosion
 l - a +3 ring of evasion (right hand)
Scrolls
 i - 3 scrolls of teleportation
Comestibles
 d - a ration
 g - 4 chunks of flesh


   Skills:
 - Level 1.5 Dodging
 - Level 2.1 Stealth
 + Level 2.6 Spellcasting
   Level 0.7 Transmutations
 * Level 5.0 Earth Magic


You had 6 spell levels left.
You knew the following spells:

 Your Spells              Type           Power        Failure   Level  Hunger
a - Sandblast             Erth           ###...       2%          1    #......

Your spell library contained the following spells:

 Spells                   Type           Power        Failure   Level  Hunger
 Passwall                 Tmut/Erth      ##......     9%          2    ##.....
 Stone Arrow              Conj/Erth      ##....       21%         3    ###....
 Petrify                  Tmut/Erth      ##......     52%         4    #####..
 Lee's Rapid Deconstruct  Erth           ###.......   56%         5    ######.


Dungeon Overview and Level Annotations

Branches:
Dungeon (2/15)

Altars:
The Shining One

Annotations:
D:2 Ijyb


Innate Abilities, Weirdness & Mutations

You are resistant to torment.
Your stone body is resilient. (AC +3)
You are immune to poison.
You resist negative energy. (rN+)
You are resistant to electric shocks. (rElec)
You can survive without breathing.
You are immune to petrification.
You are immune to rotting.
You are partially covered in molten scales. (AC +2)
Your natural rate of healing is unusually fast.


Message History

You see here a +0 club.
You aren't carrying any potions.
Casting: Sandblast (safe; 2% risk of failure)
Confirm with . or Enter, or press ? or * to list all spells.
Aiming: Sandblast (safe; 2% risk of failure)
Press: ? - help, Shift-Dir - straight line, f - Ijyb
Aim: Ijyb, wearing a +0 leather armour and carrying a wand of flame (19)
The blast of sand hits Ijyb.
Ijyb is moderately wounded.
b - 47 stones
Casting: Sandblast (safe; 2% risk of failure)
Confirm with . or Enter, or press ? or * to list all spells.
Aiming: Sandblast (safe; 2% risk of failure)
Press: ? - help, Shift-Dir - straight line, f/p - Ijyb
Aim: Ijyb, wearing a +0 leather armour and carrying a wand of flame (19)
The blast of sand misses Ijyb.
b - 46 stones Ijyb zaps a wand.
The puff of flame hits you!
Ouch! That really hurt!
You die...

#.....#####+#.....).........
#..(..##........###########.
#.....##........# #..(.$..#
########........# #8.....8#
#........# #.......#
#........# #8g....8#
#........# #..g....#
#........###8g.g..8#
####..@g...#..g....#
#####)###8.....8#
#)###.........
######.............
#..................
#.......####.#....#
#...g...# .####.# +.......'
.. . #.......# .##


You could see Ijyb.

Vanquished Creatures
  An ooze (D:1)
  A dart slug (D:1)
  2 leopard geckos (D:1)
  3 bats
  A giant cockroach (D:1)
  13 goblins
  3 hobgoblins
  3 kobolds (D:1)
  4 frilled lizards
  6 rats (D:1)
37 creatures vanquished.

Notes
Turn   | Place    | Note
-------+----------+-------------------------------------------
     0 | D:1      | JeffiDaFish the Gargoyle Earth Elementalist began the quest
                  | for the Orb.
     0 | D:1      | Reached XP level 1. HP: 10/10 MP: 3/3
    30 | D:1      | Reached skill level 4 in Earth Magic
    30 | D:1      | Reached XP level 2. HP: 11/15 MP: 0/5
   794 | D:1      | Reached XP level 3. HP: 15/19 MP: 3/6
   909 | D:1      | Found a glowing golden altar of the Shining One.
  1192 | D:2      | Gained mutation: Your natural rate of healing is unusually
                  | fast. [potion of mutation]
  1192 | D:2      | Gained mutation: You are partially covered in molten
                  | scales. (AC +2) [potion of mutation]
  1258 | D:2      | Noticed Ijyb
  1282 | D:2      | Reached skill level 5 in Earth Magic
  1321 | D:2      | Killed from afar by Ijyb

Vault maps used:
D:1:      lightli_arrival_flooded_house, tso_metal_star
D:2:      kennysheep_the_goblin_king, nicolae_overflow_crystal_walls

Skill      XL: |  1  2  3 |
---------------+----------+-----
Earth Magic    | 4 5 |  5.0
Dodging        | |  1.5
Stealth        | |  2.1
Spellcasting   | |  2.6
Transmutations | |  0.7

Action                   || total
-------------------------++-------
Melee: Dagger            ||    84
 Cast: Sandblast         ||    38
  Use: Scroll            ||     3
       Potion            ||     3
 Stab: Sleeping          ||     2
  Eat: Chunk             ||     1
Armor: Robe              ||    23
Dodge: Dodged            ||    74

Table legend:
 A = Non-vault XP
 B = Vault XP
 C = Vault XP percentage of total XP
 D = Non-vault monster count
 E = Vault monster count
 F = Vault count percentage of total count
                 A         B        C        D         E       F
            +---------+---------+-------+---------+---------+-------
      Total |      59 |      11 |  15.7 |      31 |       6 |  16.2
            +---------+---------+-------+---------+---------+-------
        D:1 |      55 |       0 |   0.0 |      28 |       0 |   0.0
        D:2 |       4 |      11 |  73.3 |       3 |       6 |  66.7
            +---------+---------+-------+---------+---------+-------
